 Dungeon Crawl Stone Soup version 0.19.5 (webtiles) character file.

60121 Gargoyl the Spear-Bearer (level 14, -1/124 HPs)
             Began as a Ghoul Abyssal Knight on Apr 14, 2017.
             Was the Champion of Lugonu.
             Slain by an orc warrior
             ... wielding a +1 mace of holy wrath
             ... led by an orc warlord
              (6 damage)
             ... on level 2 of the Orcish Mines on Apr 18, 2017.
             The game lasted 00:57:29 (21905 turns).

Gargoyl the Spear-Bearer (Ghoul Abyssal Knight)    Turns: 21905, Time: 00:57:30

Health: -1/124     AC: 35    Str: 17    XL:     14   Next: 98%
Magic:  22/22      EV:  3    Int:  7    God:    Lugonu [******]
Gold:   1769       SH: 14    Dex: 15    Spells: 0 memorised, 13 levels left

rFire  . . .     SeeInvis .     v - +2 broad axe (elec)
rCold  + . .     Gourm    .     H - +7 plate armour {ponderous}
rNeg   + + +     Faith    .     d - +2 large shield
rPois  ∞         Spirit   .     b - +2 helmet
rElec  .         Reflect  .     t - +2 cloak
rCorr  .         Harm     .     q - +2 pair of gloves {Dex+3}
MR     ++...                    y - +0 pair of boots
Stlth  ..........               (no amulet)
                                T - ring of protection from magic
                                O - +2 ring of slaying

@: about to teleport, rotting, slow
A: rotting body, claws 1, carnivore 3, cold resistance 1, negative energy
resistance 3, slow regeneration 1, torment resistance, unbreathing
a: Depart the Abyss, Bend Space, Banish, Corrupt, Enter the Abyss, Brand Weapon
With Distortion, Renounce Religion


You were on level 2 of the Orcish Mines.
You worshipped Lugonu.
Lugonu was exalted by your worship.
You were not hungry.

You visited 3 branches of the dungeon, and saw 20 of its levels.
You visited the Abyss 1 time.
You also visited: Labyrinth.

You collected 2000 gold pieces.
You spent 231 gold pieces at shops.

Inventory:

Hand Weapons
 a - a +1 hand axe
 i - a +6 trident of piercing
 v - a +2 broad axe of electrocution (weapon)
 x - a +0 war axe
 E - a +0 war axe
 N - a +4 battleaxe
Missiles
 Y - 21 tomahawks (quivered)
Armour
 b - a +2 helmet (worn)
 d - a +2 large shield (worn)
 q - a +2 pair of gloves of dexterity (worn)
 t - a +2 cloak (worn)
 y - a +0 pair of boots (worn)
 H - a +7 plate armour of ponderousness (worn)
Jewellery
 f - an uncursed ring of resist corrosion
 k - an uncursed ring of protection from magic
 n - an uncursed ring of ice
 D - an uncursed ring of fire
 F - an uncursed ring of protection from cold
 K - an uncursed ring of see invisible
 O - a +2 ring of slaying (left hand)
 T - a ring of protection from magic (right hand)
Wands
 R - a wand of slowing (20/48)
 S - a wand of iceblast (9/15)
 V - a wand of paralysis (9/24)
 W - a wand of teleportation (9/9)
 X - a wand of slowing (22/48)
 Z - a wand of slowing (35/48)
Scrolls
 h - 6 scrolls of remove curse
 l - 2 scrolls of identify
 p - 4 scrolls of recharging
 r - 3 scrolls of fear
 w - 3 scrolls of magic mapping
 A - 6 scrolls of teleportation
 C - 2 scrolls of blinking
Potions
 e - 2 potions of agility
 g - a potion of curing
 j - a potion of haste
 o - a potion of berserk rage {unknown}
 s - a potion of resistance
 u - 2 potions of might
 z - 2 potions of brilliance
 G - 4 potions of flight
 Q - a potion of magic
 U - 2 potions of invisibility
Comestibles
 c - 9 meat rations
 m - 10 chunks of flesh


   Skills:
 + Level 11.0 Fighting
 + Level 4.6(9.7) Axes
 + Level 12.9(13.1) Polearms
 + Level 0.1 Throwing
 * Level 12.9 Armour
 + Level 3.3 Dodging
 + Level 1.9 Shields
 * Level 12.9 Invocations


You had 13 spell levels left.
You didn't know any spells.

Dungeon Overview and Level Annotations

Branches:
Dungeon (12/15)            Temple (0/1) D:6            Lair (6/6) D:8
 Shoals (0/4) Lair:4        Snake (0/4) Lair:2        Slime (0/5) Lair:5
    Orc (2/2) D:12            Elf (0/3) Orc:2

Altars:
Fedhas
Makhleb
Okawaru
Ru
Trog
Uskayaw
Vehumet
Yredelemnul
Zin
The Shining One
Jiyva

Shops:
D:7 [   D:10 [   Orc:2 ?

Annotations:
Abyss:1 Nessos


Innate Abilities, Weirdness & Mutations

Your body is rotting away.
You thrive on raw meat.
You are immune to poison.
You have sharp fingernails.
You are carnivorous and can eat meat at any time.
Your flesh is cold resistant. (rC+)
You are immune to negative energy. (rN+++)
You regenerate slowly when monsters are visible.
You are immune to unholy pain and torment.
You can survive without breathing.


Message History

You block the orc warrior's attack.
The orc warlord hits you but does no damage.
The smoke demon gestures at you. Something smites you!
This raw flesh tastes great!
As you read the scroll of teleportation, it crumbles to dust.
You feel strangely unstable.
The orc warrior hits you with a mace of holy wrath!
* * * LOW HITPOINT WARNING * * *
You convulse!
* * * LOW HITPOINT WARNING * * *
The smoke demon gestures at you. Something smites you!
* * * LOW HITPOINT WARNING * * *
You block the orc warlord's attack.
You feel better.
The orc warrior hits you with a mace of holy wrath.
* * * LOW HITPOINT WARNING * * *
You convulse.
You die...

.##)###.###'#####.#
...)......#.......# ...# ..
....##'##.#....#### ... ...
....#)..#.#....#..##..##.....
.)).#...#......'..#...#......
###)#####.####.#.(#.........#
..........#()#.####........##
)####.....#..'.####{8...8...8
)#.(#..⌠..#..#..@oooo3.......
.'..#.....####.####o8o†.8...8
.#..#..........# #.oo)....##
.####.#####.#### #).)......#
......#...#....+ #...#......
#####.#..)#....# ##..##.....
#.##'##....### #...#.....
#.............##...##....
###.###+#####.##....# ...


You could see an orc warlord, a smoke demon, 3 orc warriors, an orc priest and 2
orcs.

Vanquished Creatures
  Rupert (Lair:5)
  An orc warlord (D:12)
  A stone giant (Orc:2)
  A fire dragon (Lair:6)
  A minotaur (Lab)
  Harold (D:12)
  Fannar (Lair:2)
  3 hydras
  2 catoblepae
  Erica (D:7)
  A death yak (Lair:3)
  An orc high priest (Orc:2)
  Nergalle (D:10)
  2 orc knights
  2 hill giants
  2 ugly things (D:11)
  4 orc sorcerers
  15 elephants
  A manticore (D:12)
  A cyclops (D:12)
  A centaur zombie (D:11)
  Maurice (D:8)
  4 black mambas
  5 torpor snails (Lair:6)
  9 spiny frogs
  6 komodo dragons
  A harpy zombie (D:12)
  2 polar bears
  6 hornets
  5 trolls
  4 tyrant leeches (Lair:6)
  The ghost of Yarinad the Spear-Bearer, an amateur MfGl of the Shining One (D:6)
  Grinder (D:3)
  11 blink frogs
  3 slime creatures (D:12)
  3 two-headed ogres (Orc:2)
  8 hippogriffs
  3 dream sheep (Lair:6)
  31 yaks
  A vampire (D:7)
  2 wyverns
  Grum (D:9)
  8 basilisks
  2 hungry ghosts
  A warg (D:12)
  2 soldier ants
  8 water moccasins
  7 porcupines
  28 orc warriors
  2 ice beasts
  A sky beast (D:10)
  4 phantoms
  4 wolves
  9 ogres
  A necrophage (D:12)
  4 centaurs
  10 crocodiles
  2 big kobolds
  Blork the orc (D:5)
  13 bullfrogs
  A water moccasin skeleton (D:10)
  A scorpion (D:8)
  A killer bee (D:11)
  4 howler monkeys
  8 wights
  4 electric eels
  6 crimson imps
  4 jellies
  2 bullfrog zombies
  Crazy Yiuf (D:2)
  3 centaur skeletons
  20 orc priests
  The ghost of Aleruyeri the Gusty, a weakling FeAE of Xom (D:3)
  A bullfrog skeleton (D:10)
  20 orc wizards
  11 iguanas
  12 worker ants
  Terence (D:1)
  2 killer bee zombies
  2 hound zombies (D:5)
  2 hound skeletons
  Robin (D:4)
  A howler monkey zombie (D:8)
  3 gnolls (D:3)
  2 howler monkey skeletons
  12 adders
  A river rat (D:8)
  3 shadow imps
  2 oozes
  An adder skeleton (D:9)
  2 worms
  A dart slug (D:1)
  5 leopard geckos
  80 orcs
  6 giant cockroaches
  13 goblins
  9 hobgoblins
  13 jackals
  6 quokkas
  A ball python (D:2)
  7 bats
  5 frilled lizards
  16 kobolds
  A quokka skeleton (D:5)
  9 rats
  A bush (Lair:2)
567 creatures vanquished.

Vanquished Creatures (others)
  The ghost of Hasye the Spear-Bearer, a journeyman HuBe of Trog (D:10)
  A lindwurm (Lair:6)
  A hippogriff (D:7)
  2 yaks (D:10)
  An orc warrior (D:7)
  2 jellies
  An electric eel (D:12)
  An orc priest (D:7)
  2 orcs (D:8)
  2 bushes (D:8)
  4 fungi
  22 plants
40 creatures vanquished.

Grand Total: 607 creatures vanquished

Notes
Turn   | Place    | Note
-------+----------+-------------------------------------------
     0 | Abyss:1  | Gargoyl the Ghoul Abyssal Knight began the quest for the Orb.
     0 | Abyss:1  | Reached XP level 1. HP: 19/19 MP: 1/1
    21 | Abyss:2  | Found a corrupted altar of Lugonu.
    51 | Abyss:3  | Noticed an iron dragon skeleton
    54 | Abyss:3  | Found a corrupted altar of Lugonu.
    61 | Abyss:3  | Found a corrupted altar of Lugonu.
    67 | D:1      | Escaped the Abyss
   232 | D:1      | Reached * piety under Lugonu
   425 | D:1      | Reached skill level 1 in Dodging
   425 | D:1      | Reached XP level 2. HP: 25/25 MP: 2/2
   545 | D:1      | Found a glowing golden altar of the Shining One.
   624 | D:1      | You fall through a shaft!
  1088 | D:2      | Noticed Terence
  1101 | D:1      | Reached XP level 3. HP: 24/33 MP: 3/3
  1397 | D:1      | Killed Terence
  1644 | D:2      | Reached XP level 4. HP: 40/40 MP: 4/4
  1845 | D:2      | Reached ** piety under Lugonu
  2102 | D:2      | Found a runed door.
  2276 | D:2      | Noticed Crazy Yiuf
  2288 | D:2      | Killed Crazy Yiuf
  2288 | D:2      | Reached XP level 5. HP: 26/46 MP: 4/6
  2363 | D:3      | Found a faded altar of an unknown god.
  2404 | D:3      | Noticed Grinder
  2404 | D:3      | Paralysed by Grinder for 3 turns
  2411 | D:3      | Paralysed by Grinder for 3 turns
  2431 | D:3      | Killed Grinder
  2431 | D:3      | Reached XP level 6. HP: 48/52 MP: 7/7
  2597 | D:3      | Noticed Aleruyeri's ghost (weakling FeAE)
  2621 | D:3      | Killed Aleruyeri's ghost
  2751 | D:3      | Reached XP level 7. HP: 52/59 MP: 8/8
  3271 | D:4      | Noticed Robin
  3318 | D:4      | Killed Robin
  3356 | D:4      | Reached *** piety under Lugonu
  3862 | D:4      | Reached XP level 8. HP: 62/67 MP: 9/9
  4095 | D:5      | Entered Level 5 of the Dungeon
  4133 | D:5      | Noticed Blork the orc
  4158 | D:5      | Killed Blork the orc
  4158 | D:5      | Reached skill level 5 in Polearms
  4180 | D:5      | Got a scorched helmet
  4191 | D:5      | Identified the -2 helmet of Articulation {+Blink rPois rF+} (You found it on level 5 of the Dungeon)
  4328 | D:5      | Reached skill level 5 in Armour
  4897 | D:6      | Reached skill level 5 in Fighting
  5139 | D:6      | Found a basalt altar of Yredelemnul.
  5274 | D:6      | Found a staircase to the Ecumenical Temple.
  5453 | D:6      | Noticed Yarinad's ghost (amateur MfGl)
  5476 | D:6      | Killed Yarinad's ghost
  5476 | D:6      | Reached XP level 9. HP: 51/71 MP: 11/11
  6211 | D:7      | Reached skill level 5 in Invocations
  6523 | D:7      | Found Turhat's Antique Armour Emporium.
  6602 | D:7      | HP: 2/75 [orc warrior/hand axe (11)]
  6810 | D:7      | Bought a pair of runed gloves for 231 gold pieces
  7146 | D:8      | Noticed Erica
  7172 | D:7      | Killed Erica
  7194 | D:8      | Reached XP level 10. HP: 79/83 MP: 14/14
  7462 | D:8      | Reached **** piety under Lugonu
  7544 | D:8      | Found a staircase to the Lair.
  7700 | D:8      | Found a glowing silver altar of Zin.
  7829 | D:8      | Found an iron altar of Okawaru.
  7852 | D:8      | Found a blossoming altar of Fedhas.
  7876 | D:8      | Found a hide-covered altar of Uskayaw.
  8026 | D:8      | Found a bloodstained altar of Trog.
  8059 | D:8      | Found a burning altar of Makhleb.
  8060 | D:8      | Found a radiant altar of Vehumet.
  8225 | D:8      | Reached XP level 11. HP: 92/92 MP: 16/16
  8250 | D:8      | Noticed Maurice
  8481 | Lair:1   | Entered Level 1 of the Lair of Beasts
  8553 | Lair:1   | Found a labyrinth entrance.
  8564 | Lab      | Entered a labyrinth
  9109 | Lab      | Noticed a minotaur
  9122 | Lab      | Killed a minotaur
  9124 | Lab      | Got a transparent brass ring
  9132 | Lab      | Identified the ring "Winirops" {rCorr *Slow +Fly rElec Int-2} (You took it off a minotaur in a labyrinth)
  9681 | Lair:1   | Noticed an eight-headed hydra
  9691 | Lair:1   | Killed an eight-headed hydra
  9691 | Lair:1   | Reached ***** piety under Lugonu
 10315 | Lair:2   | Noticed Fannar
 10398 | Lair:2   | Killed Fannar
 10398 | Lair:2   | Reached skill level 10 in Polearms
 10557 | Lair:2   | Found a staircase to the Snake Pit.
 10988 | Lair:3   | Reached XP level 12. HP: 39/102 MP: 18/18
 11518 | Lair:3   | Reached skill level 10 in Invocations
 11873 | Lair:3   | Reached skill level 10 in Armour
 12222 | Lair:4   | Noticed a catoblepas
 12284 | Lair:4   | Noticed a death yak
 12309 | Lair:3   | Killed a catoblepas
 12503 | Lair:3   | Killed a death yak
 13359 | Lair:4   | Found a staircase to the Shoals.
 13551 | Lair:5   | Noticed Rupert
 13553 | Lair:5   | Paralysed by Rupert for 5 turns
 13607 | Lair:5   | Killed Rupert
 13607 | Lair:5   | Reached XP level 13. HP: 42/111 MP: 20/20
 14102 | Lair:5   | Found a viscous altar of Jiyva.
 14103 | Lair:5   | Found a staircase to the Slime Pits.
 14208 | Lair:5   | Noticed Nessos
 14218 | Lair:5   | Banished Nessos
 14920 | Lair:6   | Entered Level 6 of the Lair of Beasts
 15226 | Lair:6   | Found a runed door.
 15279 | Lair:6   | HP: 4/113 [torpor snail (14)]
 16376 | Lair:6   | Reached skill level 10 in Fighting
 17085 | Lair:6   | Noticed a fire dragon
 17102 | Lair:6   | Killed a fire dragon
 17189 | Lair:6   | Reached XP level 14. HP: 121/121 MP: 21/21
 17294 | D:8      | Killed Maurice
 17592 | D:9      | Noticed Grum
 17603 | D:9      | Killed Grum
 18232 | D:10     | Entered Level 10 of the Dungeon
 18238 | D:10     | Noticed Hasye's ghost (journeyman HuBe)
 18276 | D:10     | Banished Hasye's ghost
 18278 | D:10     | HP: 3/122 [yak (9)]
 18475 | D:10     | Found Ezihair's Antique Armour Emporium.
 18584 | D:10     | Found a sacrificial altar of Ru.
 18625 | D:10     | Noticed Nergalle
 18642 | D:10     | Killed Nergalle
 20246 | D:12     | Noticed Harold
 20268 | D:12     | Killed Harold
 20461 | D:12     | Found a staircase to the Orcish Mines.
 20489 | Orc:1    | Entered Level 1 of the Orcish Mines
 20502 | Orc:1    | Noticed an orc warlord
 20628 | D:12     | Killed an orc warlord
 20635 | D:12     | Reached skill level 1 in Shields
 20984 | Orc:2    | Entered Level 2 of the Orcish Mines
 21000 | Orc:2    | Reached ****** piety under Lugonu
 21406 | Orc:2    | Noticed a stone giant
 21421 | Orc:2    | Killed a stone giant
 21681 | Orc:2    | Found a staircase to the Elven Halls.
 21793 | Orc:2    | Found Latozas's Magic Scroll Emporium.
 21883 | Orc:2    | Noticed an orc warlord
 21904 | Orc:2    | HP: 2/124 [smoke demon/divine providence[an orc warlord] (15)]
 21905 | Orc:2    | Slain by an orc warrior

Skill      XL: |  1  2  3  4  5  6  7  8  9 10 11 12 13 14 |
---------------+-------------------------------------------+-----
Dodging        | 1 2 3 |  3.3
Armour         | 2 3 4 5 6 7 9 11 12 | 12.9
Axes           | 2 4 |  4.6
Fighting       | 4 5 6 7 8 9 10 11 | 11.0
Polearms       | 2 3 4 6 7 8 10 11 12 | 12.9
Invocations    | 3 4 6 8 9 11 12 | 12.9
Shields        | 1 |  1.9
Throwing       | |  0.1

Action                   |  1- 3 |  4- 6 |  7- 9 | 10-12 | 13-15 || total
-------------------------+-------+-------+-------+-------+-------++-------
Melee: Hand axe          |    66 |       |       |       |       ||    66
       Trident           |     6 |   137 |   425 |   912 |   968 ||  2448
       Broad axe         |       |       |       |       |   371 ||   371
Throw: Tomahawk          |       |       |     2 |       |     3 ||     5
Invok: Depart the Abyss  |     1 |       |       |       |       ||     1
       Banish            |       |       |     4 |       |    11 ||    15
  Use: Scroll            |     6 |     6 |     6 |    17 |    21 ||    56
       Potion            |       |     3 |     5 |     3 |     8 ||    19
 Stab: Invisible         |       |     1 |       |       |       ||     1
       Petrified         |       |       |       |       |     7 ||     7
  Eat: Chunk             |    12 |    28 |    57 |   135 |   217 ||   449
       Meat ration       |       |       |       |       |     1 ||     1
Armor: Leather armour    |    39 |       |       |       |       ||    39
       Ring mail         |     2 |    14 |       |       |       ||    16
       Scale mail        |       |    45 |   184 |       |       ||   229
       Plate armour      |       |       |   149 |   877 |   983 ||  2009
Dodge: Dodged            |    75 |    87 |   222 |   315 |   281 ||   980
Block: Large shield      |       |       |       |       |   187 ||   187
       Shield            |       |       |       |       |    62 ||    62
